 Dungeon Crawl Stone Soup version 0.29-a0-823-gc37b1572da (webtiles) character file.

Game seed: 1608044787071448982

1502 zeratav the Tainter (level 8, -8/55 HPs)
             Began as an Octopode Venom Mage on July 8, 2022.
             Was an Initiate of Gozag.
             Killed from afar by an orc wizard (10 damage)
             ... with a magic dart
             ... on level 5 of the Dungeon.
             The game lasted 00:13:24 (6018 turns).

zeratav the Tainter (Octopode Venom Mage)           Turns: 6018, Time: 00:13:24

Health: -8/55      AC:  1    Str: 13    XL:     8   Next: 82%
Magic:  2/11       EV: 15    Int: 19    God:    Gozag
Gold:   348        SH:  5    Dex: 13    Spells: 4/11 levels left

rFire   . . .      SeeInvis .   k - +2 short sword (speed) {short}
rCold   . . .      Faith    .   (no shield)
rNeg    . . .      Spirit   .   (helmet restricted)
rPois   .          Reflect  +   f - amulet of reflection
rElec   .          Harm     .   i - ring of willpower
rCorr   .          Rampage  .   n - +6 ring of strength
Will    ++...                   p - ring of willpower
Stlth   ++++......              (no ring)
HPRegen 0.18/turn               (no ring)
MPRegen 0.12/turn               (no ring)
                                (no ring)
                                (no ring)

@: no status effects
A: almost no armour, amphibious, 8 rings, camouflage 1, gelatinous body 1,
(nimble swimmer 1), tentacles
a: Renounce Religion, Potion Petition, Call Merchant, Bribe Branch


You were on level 5 of the Dungeon.
You worshipped Gozag.
Gozag was aware of your devotion.
You visited 2 branches of the dungeon, and saw 6 of its levels.

You collected 452 gold pieces.
You spent 28 gold pieces at shops.
You paid 76 gold pieces to Gozag.


Innate Abilities, Weirdness & Mutations

You cannot wear most types of armour.
You are amphibious.
You can wear up to eight rings at the same time.
Your skin changes colour to match your surroundings (Stealth+).
Your rubbery body absorbs attacks. (AC +1, EV +1)
((You are camouflaged when in or above water. (Stealth+)))
You have tentacles for arms and can constrict up to eight enemies at once.


   Skills:
 + Level 5.2 Fighting
 + Level 5.7 Dodging
 - Level 5.0 Stealth
 - Level 2.0 Spellcasting
 - Level 1.0 Transmutations
 - Level 9.0 Poison Magic


You had 4 spell levels left.
You knew the following spells:

 Your Spells              Type           Power      Damage    Failure   Level
a - Sting                 Tmut/Pois      80%        1d7       2%          1
b - Poisonous Vapours     Pois/Air       38%        N/A       4%          2
c - Olgreb's Toxic Radia  Pois           36%        N/A       4%          4

Your spell library contained the following spells:

 Spells                   Type           Power      Damage    Failure   Level
 Mephitic Cloud           Conj/Pois/Air  13%        N/A       14%         3
 Sandblast                Erth           2%         2d4       17%         1
 Passwall                 Tmut/Erth      2%         N/A       21%         2
 Stone Arrow              Conj/Erth      2%         3d7       45%         3

Inventory:

Hand Weapons
 k - a +2 short sword of speed (weapon) {short}
   (You took it off a kobold on level 2 of the Dungeon)
 o - a +1 sling of freezing
   (You found it on level 3 of the Dungeon)
 t - a +2 dagger of electrocution {short}
   (You took it off a kobold on level 4 of the Dungeon)
Jewellery
 f - an amulet of reflection (around mantle)
   (You found it on level 1 of the Dungeon)
 h - a ring of ice
   (You found it on level 1 of the Dungeon)
 i - a ring of willpower (left tentacle)
   (You found it on level 1 of the Dungeon)
 n - a +6 ring of strength (right tentacle)
   (You found it on level 2 of the Dungeon)
 p - a ring of willpower (on tentacle)
   (You found it on level 3 of the Dungeon)
Wands
 l - a wand of iceblast (4)
   (You found it on level 2 of the Dungeon)
 r - a wand of charming (10)
   (You took it off a hobgoblin on level 3 of the Dungeon)
 u - a wand of mindburst (5)
   (You found it on level 4 of the Dungeon)
Scrolls
 c - a scroll of fog
 d - a scroll of enchant armour
 e - 4 scrolls of teleportation {unknown}
 j - 2 scrolls of enchant weapon
 m - a scroll of magic mapping {unknown}
 x - 3 scrolls of immolation {unknown}
 y - 2 scrolls of identify {@r1}
 z - a scroll of brand weapon {unknown}
 A - a scroll of fear {unknown}
Potions
 a - a potion of magic
 b - 4 potions of curing {unknown}
 g - 3 potions of heal wounds {unknown}
 q - a potion of cancellation {unknown}
 s - 4 potions of berserk rage {unknown}
 v - a potion of ambrosia {unknown}
 w - a potion of degeneration {unknown}

Dungeon Overview and Level Annotations

Branches:
Dungeon (5/15) Zot: 24030  Temple (1/1) D:4 Zot: 5977

Altars:
Ashenzari
Cheibriados
Dithmenos
Fedhas
Gozag
Makhleb
Nemelex Xobeh
Okawaru
Ru
Trog

Shops:
D:3 =?([   D:5 =

Annotations:
D:3 2 transporters

##....###.....####...#...........
# #....#.......##...#............
# #......#................###...
## ##..######............#####...
.####..# ##....###..### #...#
..##..## ##...## ##.## #..##
......## #.[>.# #..# ##..#
.......## ##....# #(.# ##..##
.$..#...####....@######.###..##
....###...........##.....#...#
....# #......####.{oOo.....$.#
....# #..<..## #..######....###.
....# #.....### #.## ##.##..$..
.$..# #..∩....###.# #..####..#
....# ##..........## ##.## #..
....####.>.###.....## #..# ..
...........###...#..###..# .


You could see an orc warrior.


Message History

An orc wizard comes into view. It is wielding a +0 dagger.
An orc comes into view. It is wielding a +1 antimagic hand axe.
MP[+1]
Casting: Poisonous Vapours (safe; 4% risk of failure)
Confirm with . or Enter, or press ? or * to list all spells.
You begin to radiate toxic energy.
The orc warrior is poisoned.
The orc is poisoned.
MP[-4]
You lost 4 mp, and now have 2/11 mp.
Your toxic aura wanes.
Your magical contamination has completely faded away.
You closely miss the orc warrior. Your grab misses the orc warrior.
You barely miss the orc warrior. You grab the orc warrior.
You constrict the orc warrior, but do no damage.
You kill the orc!
The orc warrior hits you with a +0 short sword!
HP[-14]
You take 14 damage, and now have 41/55 hp.
MASSIVE DAMAGE!! (PAUSE)
The orc wizard shouts!
You hit the orc warrior but do no damage.
You constrict the orc warrior, but do no damage.
An ogre comes into view. It is wielding a +0 giant club.
The orc warrior hits you with a +0 short sword.
HP[-3]
You take 3 damage, and now have 38/55 hp.
The ogre shouts!
You hit the orc warrior but do no damage.
You squeeze the orc warrior, but do no damage.
You constrict the orc warrior, but do no damage.
The orc warrior hits you with a +0 short sword.
HP[-5]
You take 5 damage, and now have 33/55 hp.
You hit the orc warrior. Your squeeze misses the orc warrior.
You constrict the orc warrior.
You hit the orc warrior but do no damage.
You constrict the orc warrior, but do no damage.
The orc warrior looks more healthy.
An orc comes into view. It is wielding a +0 flail.
The orc wizard mumbles some strange words.
The orc wizard flickers and vanishes!
Deactivating autopickup; reactivate with Ctrl-A.
The orc warrior hits you with a +0 short sword!
* * * LOW HITPOINT WARNING * * *
HP[-10]
You take 10 damage, and now have 23/55 hp.
Casting: Olgreb's Toxic Radiance (dangerous; 4% risk of failure)
Confirm with . or Enter, or press ? or * to list all spells.
Aiming: Poisonous Vapours (safe; 4% risk of failure)
Press: ? - help, Dir - move target, f - orc warrior
Aim: an orc warrior, wielding a +0 short sword and wearing a +0 plate armour (heavily wounded, constricted by you) Poisonous vapours surround the orc warrior!
The orc warrior is poisoned.
The orc shouts!
You constrict the orc warrior, but do no damage.
The orc warrior hits you with a +0 short sword!
* * * LOW HITPOINT WARNING * * *
HP[-9] MP[-1]
You take 9 damage, and now have 14/55 hp.
You lost 1 mp, and now have 1/11 mp.
You release your grip on the orc warrior.
Aiming: Charm
Press: ? - help, Q - select action, (/) - cycle Shift-Dir - straight line, f/p - orc warrior
Aim: an orc warrior, wielding a +0 short sword and wearing a +0 plate armour (heavily wounded, poisoned, chance to affect: 49%)
The orc warrior resists with some effort.
You block the orc warrior's attack.
Aiming: Charm
Press: ? - help, Q - select action, (/) - cycle Shift-Dir - straight line, f/p - orc warrior
Aim: an orc warrior, wielding a +0 short sword and wearing a +0 plate armour (heavily wounded, poisoned, chance to affect: 49%)
The orc warrior resists with some effort.
Aiming: Charm
Press: ? - help, Q - select action, (/) - cycle Shift-Dir - straight line, f/p - orc warrior
Aim: an orc warrior, wielding a +0 short sword and wearing a +0 plate armour (heavily wounded, poisoned, chance to affect: 49%)
The orc warrior resists with some effort.
The orc warrior hits you with a +0 short sword.
* * * LOW HITPOINT WARNING * * *
HP[-6]
You take 6 damage, and now have 8/55 hp.
Something hits you but does no damage.
A magic dart appears from out of thin air!
The magic dart hits you!
* * * LOW HITPOINT WARNING * * *
The orc warrior barely misses you.
HP[-6]
You take 6 damage, and now have 2/55 hp.
Aiming: Charm
Press: ? - help, Q - select action, (/) - cycle Shift-Dir - straight line, f/p - orc warrior
Aim: an orc warrior, wielding a +0 short sword and wearing a +0 plate armour (heavily wounded, poisoned, chance to affect: 49%)
The orc warrior resists with some effort.
The orc warrior hits you with a +0 short sword.
* * * LOW HITPOINT WARNING * * *
HP[-1]
You take 1 damage, and now have 1/55 hp.
The orc warrior looks more healthy.
MP[+1]
You block something's attack.
A magic dart appears from out of thin air!
The magic dart hits you!
You die...
Your body crumbles into a pile of gold.

Skill      XL: |  1  2  3  4  5  6  7  8 |
---------------+-------------------------+-----
Stealth        | 3 4 5 |  5.0
Poison Magic   | 4 5 7 8 9 |  9.0
Fighting       | 3 5 |  5.2
Dodging        | 3 5 |  5.7
Spellcasting   | |  2.0
Transmutations | |  1.0

Action                   |  1- 3 |  4- 6 |  7- 9 || total
-------------------------+-------+-------+-------++-------
Melee: Dagger            |    40 |       |       ||    40
       Tentacles         |    16 |    13 |     6 ||    35
       Constrict         |    13 |    15 |     4 ||    32
       Short sword       |    15 |    66 |    18 ||    99
       Punch             |       |     2 |       ||     2
 Cast: Sting             |    11 |    23 |     2 ||    36
       Poisonous Vapours |       |    34 |    16 ||    50
       Olgreb's Toxic Ra |       |     3 |    13 ||    16
Evoke: Wand              |       |       |     4 ||     4
  Use: Scroll            |       |     3 |       ||     3
       Potion            |       |       |     1 ||     1
 Stab: Sleeping          |    14 |     2 |       ||    16
Armor: Skin              |     2 |     4 |     1 ||     7
Dodge: Dodged            |    25 |    39 |     5 ||    69
Block: Other             |     7 |    17 |     4 ||    28
       Reflection        |     1 |       |       ||     1

Levels and vault maps discovered:
D:1:      nzn_arrival_water_spiral, layout_loops_corners
D:2:      layout_basic, shapermc_ecumenical_altar_pompeii
D:3:      gammafunk_steamed_eel, layout_rooms, serial_shops,
          nicolae_shop_behind_doors, shop, nicolae_shop_trees,
          nicolae_shop_stone
D:4:      layout_basic, minmay_temple_entry_statues_pillars,
          minmay_misc_feat_alley
D:5:      layout_layer_cave, serial_shops, nicolae_stop_n_shop_2,
          uniq_blork_the_orc
Temple:   eino_temple_lava

Notes
Turn   | Place    | Note
-------+----------+-------------------------------------------
     0 | D:1      | zeratav the Octopode Venom Mage began the quest for the
                  | Orb.
     0 | D:1      | Reached XP level 1. HP: 11/11 MP: 3/3
     0 | D:1      | magus.rc [v1.9.6]
    73 | D:1      | Reached skill level 3 in Stealth
   154 | D:1      | Reached XP level 2. HP: 17/17 MP: 5/5
   163 | D:1      | Reached skill level 4 in Poison Magic
   669 | D:1      | Reached XP level 3. HP: 15/21 MP: 6/6
   870 | D:1      | Reached skill level 4 in Stealth
   956 | D:1      | You pick up a book of Geomancy and begin reading...
   956 | D:1      | You add the spells Sandblast, Passwall and Stone Arrow to
                  | your library.
  1647 | D:2      | Found a faded altar of an unknown god.
  1739 | D:2      | Reached XP level 4. HP: 27/27 MP: 7/7
  2013 | D:3      | Found Kikid's Jewellery Emporium.
  2015 | D:3      | Found Tamec's Magic Scroll Boutique.
  2060 | D:3      | Learned a level 2 spell: Poisonous Vapours
  2110 | D:3      | Bought a scroll of identify for 28 gold pieces
  2129 | D:3      | Found Saprora's Antique Armour Emporium.
  2140 | D:3      | Found a transporter.
  2443 | D:3      | Reached skill level 5 in Poison Magic
  2706 | D:3      | Found Ujadde's Weapon Shop.
  3020 | D:3      | Reached skill level 5 in Stealth
  3127 | D:3      | Found a transporter.
  3177 | D:3      | Reached XP level 5. HP: 26/31 MP: 2/8
  3283 | D:4      | Reached skill level 6 in Poison Magic
  3605 | D:4      | Noticed a black bear
  3632 | D:4      | Killed a black bear
  3633 | D:4      | Reached skill level 7 in Poison Magic
  3633 | D:4      | Reached XP level 6. HP: 36/36 MP: 0/9
  3862 | D:4      | Found a staircase to the Ecumenical Temple.
  3873 | Temple   | Entered the Ecumenical Temple
  3888 | Temple   | Became a worshipper of Gozag Ym Sagoz the Greedy
  4290 | D:5      | Entered Level 5 of the Dungeon
  4290 | D:5      | Found Likh's Jewellery Boutique.
  4514 | D:5      | Reached skill level 8 in Poison Magic
  4669 | D:4      | Learned a level 4 spell: Olgreb's Toxic Radiance
  4705 | D:5      | Noticed a yak
  4705 | D:5      | Noticed a yak
  4706 | D:5      | Noticed a yak
  4706 | D:5      | Noticed a yak
  4706 | D:5      | Noticed a yak
  4710 | D:5      | Noticed a yak
  4849 | D:5      | HP: 9/36 [orc/+0 mace (2)]
  4852 | D:5      | Reached XP level 7. HP: 11/41 MP: 5/10
  5031 | D:5      | Reached skill level 9 in Poison Magic
  5263 | D:5      | Reached skill level 1 in Fighting
  5398 | D:5      | Noticed Blork the orc
  5419 | D:5      | Killed Blork the orc
  5420 | D:5      | Reached skill level 2 in Fighting
  5420 | D:5      | Reached skill level 3 in Dodging
  5728 | D:5      | Killed a yak
  5729 | D:5      | Reached skill level 3 in Fighting
  5729 | D:5      | Reached XP level 8. HP: 39/52 MP: 0/11
  5730 | D:5      | Killed a yak
  5731 | D:5      | Reached skill level 4 in Dodging
  5743 | D:5      | Killed a yak
  5744 | D:5      | Reached skill level 4 in Fighting
  5744 | D:5      | Killed a yak
  5745 | D:5      | Reached skill level 5 in Dodging
  5745 | D:5      | Killed a yak
  5746 | D:5      | Reached skill level 5 in Fighting
  6011 | D:5      | HP: 8/55 [orc warrior/+0 short sword (6)]
  6012 | D:5      | HP: 2/55 [something/magic dart (7)]
  6018 | D:5      | Killed from afar by an orc wizard

Vanquished Creatures
  5 yaks (D:5)
  A black bear (D:4)
  An ogre (D:5)
  Blork the orc (D:5)
  A scorpion (D:5)
  An orc priest (D:4)
  A gnoll bouda (D:5)
  2 hounds
  A jelly (D:5)
  An iguana (D:5)
  4 orc wizards
  5 gnolls (D:5)
  3 adders
  2 dart slugs (D:1)
  A worm (D:5)
  21 orcs
  4 bats
  7 endoplasms
  2 giant cockroaches (D:1)
  7 goblins
  8 hobgoblins
  7 jackals
  A quokka (D:2)
  7 ball pythons
  2 frilled lizards (D:3)
  8 kobolds
  A rat (D:1)
105 creatures vanquished.

Table legend:
 A = Non-vault XP
 B = Vault XP
 C = Vault XP percentage of total XP
 D = Non-vault monster count
 E = Vault monster count
 F = Vault count percentage of total count
                 A         B        C        D         E       F
            +---------+---------+-------+---------+---------+-------
      Total |    2047 |     100 |   4.7 |     104 |       1 |   1.0
            +---------+---------+-------+---------+---------+-------
        D:1 |      45 |       0 |   0.0 |      23 |       0 |   0.0
        D:2 |      39 |       0 |   0.0 |      16 |       0 |   0.0
        D:3 |     110 |       0 |   0.0 |      20 |       0 |   0.0
        D:4 |     256 |       0 |   0.0 |      17 |       0 |   0.0
        D:5 |    1597 |     100 |   5.9 |      28 |       1 |   3.4
            +---------+---------+-------+---------+---------+-------

Illustrated notes

Table legend:
 A = Kills in this place as a percentage of kills in entire the game.
 B = Kills by you in this place as a percentage of kills by you in the entire game.
 C = Kills by friends in this place as a percentage of kills by friends in the entire game.
 D = Other kills in this place as a percentage of other kills in the entire game.
 E = Experience gained in this place as a percentage of experience gained in the entire game.
 F = Experience gained in this place divided by the number of levels of this place that you have seen.
                   A       B       C       D       E      F
               +-------+-------+-------+-------+-------+----------------------
         Total | 100.0 | 100.0 |   N/A |   N/A | 100.0 | 357.8
       Dungeon | 100.0 | 100.0 |   N/A |   N/A | 100.0 | 429.4
               +-------+-------+-------+-------+-------+----------------------

Table legend: (Time is in decaauts)
 A = Elapsed time spent in this place.
 B = Non-inter-level travel time spent in this place.
 C = Inter-level travel time spent in this place.
 D = Time resting spent in this place.
 E = Time spent auto-exploring this place.
 F = Levels seen in this place.
 G = Mean time per level.
                   A        B        C        D        E       F      G
               +--------+--------+--------+--------+--------+-----+--------+
         Total |   5990 |   5756 |    234 |   1684 |   2846 |   6 |  998.3 |
       Dungeon |   5968 |   5747 |    221 |   1684 |   2839 |   5 | 1193.6 |
        Temple |     22 |      9 |     13 |      0 |      7 |   1 |   22.0 |
               +--------+--------+--------+--------+--------+-----+--------+

Top non-repeatable levels by time:
     D:4: 1358 daAuts
     D:5: 1353 daAuts
     D:1: 1165 daAuts
     D:3: 1057 daAuts
     D:2: 1034 daAuts
  Temple: 22 daAuts
